 Dungeon Crawl Stone Soup version 0.28.0-43-g3370ac3207 (webtiles) character file.

Game seed: 2995778917042112695

5613 issech the Basher (level 10, -3/88 HPs)
             Began as a Troll Monk on Mar 26, 2022.
             Was a Priest of Hepliaklqana.
             Slain by a yak (6 damage)
             ... on level 8 of the Dungeon.
             The game lasted 00:29:53 (8263 turns).

issech the Basher (Troll Monk)                      Turns: 8263, Time: 00:29:53

Health: -3/88      AC: 11    Str: 21    XL:     10   Next: 45%
Magic:  9/9        EV: 13    Int:  6    God:    Hepliaklqana [***...]
Gold:   372        SH:  0    Dex: 16    Spells: 9/9 levels left

rFire   . . .      SeeInvis .   s - +3 mace (protect)
rCold   . . .      Faith    .   (no shield)
rNeg    + . .      Spirit   .   b - +0 robe
rPois   +          Reflect  .   (helmet restricted)
rElec   .          Harm     .   (no cloak)
rCorr   .          Rampage  .   (gloves unavailable)
Will    .....                   (boots unavailable)
Stlth   ++........              (no amulet)
HPRegen 1.04/turn               o - ring of poison resistance
MPRegen 0.11/turn               m - ring of positive energy

@: under a protective aura
A: reduced essence, large, unfitting armour, claws 3, regeneration 1, shaggy fur
1, tough skin 1
a: Renounce Religion, Recall Ancestor, Ancestor Identity, Transference


You were on level 8 of the Dungeon.
You worshipped Hepliaklqana.
Hepliaklqana was most pleased with you.
You visited 2 branches of the dungeon, and saw 10 of its levels.

You collected 372 gold pieces.

Inventory:

Hand Weapons
 s - a +3 mace of protection (weapon)
 t - a +4 quarterstaff of chaos
 v - the +5 mace "Udghajys" {distort, *Slow rPois Will+ Dex+5}
   (You found it on level 2 of the Dungeon)

   It warps and distorts space around it, and may blink, banish, or inflict
   extra damage upon those it strikes.
   Unwielding it can cause banishment or high damage.
   Dex:       It affects your dexterity (+5).
   rPois:     It protects you from poison.
   *Slow:     It may slow you when you take damage.
   Will:      It increases your willpower.
 H - a +2 vorpal hand axe
 U - a +0 giant spiked club
Missiles
 d - 306 stones (quivered)
 g - 5 boomerangs
 h - 2 throwing nets
 i - 114 arrows
 w - 24 sling bullets
 D - 5 atropa-tipped darts
 K - 5 poisoned darts
 L - 55 bolts
 P - 4 curare-tipped darts
Armour
 b - a +0 robe (worn)
 u - a +1 cloak
Jewellery
 a - a ring of fire
 m - a ring of positive energy (right claw)
 o - a ring of poison resistance (left claw)
 B - an amulet of magic regeneration
Wands
 l - a wand of flame (7)
 z - a wand of acid (17)
 T - a wand of iceblast (6)
Scrolls
 c - 2 scrolls of noise {unknown}
 e - a scroll of blinking
 p - a scroll of enchant armour
 q - a scroll of amnesia {unknown}
 r - 2 scrolls of enchant weapon {unknown}
 x - 3 scrolls of teleportation
 y - 2 scrolls of immolation {unknown}
 E - a scroll of silence {unknown}
 G - a scroll of fog {unknown}
 Q - a scroll of brand weapon {unknown}
 S - a scroll of summoning {unknown}
Potions
 f - 3 potions of curing {unknown}
 j - a potion of flight {unknown}
 k - a potion of invisibility {unknown}
 n - a potion of attraction {unknown}
 A - 2 potions of degeneration {unknown}
 C - a potion of might {unknown}
 F - a potion of haste {unknown}
 I - 3 potions of heal wounds
 J - a potion of berserk rage {unknown}
 M - a potion of mutation {unknown}
 N - a potion of ambrosia {unknown}
 O - a potion of lignification {unknown}


   Skills:
 + Level 6.0 Fighting
 + Level 10.3 Maces & Flails
 + Level 6.8 Dodging
 + Level 3.5 Stealth


You had 9 spell levels left.
You didn't know any spells.
Your spell library contained the following spells:

 Spells                   Type           Power      Damage    Failure   Level
 Sting                    Tmut/Pois      0%         1d3       45%         1
 Poisonous Vapours        Pois/Air       0%         N/A       58%         2
 Conjure Flame            Conj/Fire      0%         6-21      83%         3
 Ignite Poison            Fire/Tmut/Pois 0%         N/A       83%         3
 Animate Dead             Necr           0%         N/A       99%         4
 Olgreb's Toxic Radiance  Pois           0%         N/A       99%         4
 Sticky Flame             Conj/Fire      0%         2d3       99%         4
 Borgnjor's Vile Clutch   Necr/Erth      0%         N/A       100%        5
 Death Channel            Necr           0%         N/A       100%        6
 Ozocubu's Refrigeration  Ice            0%         4d5       100%        7
 Ignition                 Fire           0%         3d3       100%        8


Dungeon Overview and Level Annotations

Branches:
Dungeon (9/15)             Temple (1/1) D:5
   Lair: D:8-11         Orc: D:9-12

Altars:
Ashenzari
Cheibriados
Dithmenos
Elyvilon
Fedhas
Gozag
Hepliaklqana
Kikubaaqudgha
Makhleb
Nemelex Xobeh
Okawaru
Qazlal
Ru
Sif Muna
Trog
Uskayaw
Vehumet
Wu Jian
Xom
Yredelemnul
Zin
The Shining One

Shops:
D:1 [   D:5 [[


Innate Abilities, Weirdness & Mutations

Your life essence is reduced to manifest your ancestor. (-10% HP)
You are too large for most types of armour.
You have claws for hands.
Your natural rate of healing is unusually fast.
You are covered in fur. (AC +1)
You have tough skin. (AC +1)


Message History

The yak is moderately wounded.
The yak gores you! The yak gores you.
You barely miss the yak.
The yak is moderately wounded.
The yak completely misses you. The yak gores you!
* * * LOW HITPOINT WARNING * * *
You hit the yak.
The yak is moderately wounded.
The yak gores you but does no damage. The yak barely misses you.
You hit the yak.
The yak is heavily wounded.
The yak closely misses you. The yak completely misses you.
You hit the yak.
The yak is heavily wounded.
You hit the yak.
The yak is heavily wounded.
The yak gores you!
* * * LOW HITPOINT WARNING * * *
The yak closely misses you.
You closely miss the yak.
The yak is heavily wounded.
The yak barely misses you. The yak closely misses you.
You hit the yak but do no damage.
The yak is heavily wounded.
The yak closely misses you. The yak barely misses you.
You hit the yak.
The yak is heavily wounded.
The yak gores you.
* * * LOW HITPOINT WARNING * * *
The yak gores you but does no damage.
You hit the yak.
The yak is severely wounded.
The yak gores you!
* * * LOW HITPOINT WARNING * * *
The yak gores you.
* * * LOW HITPOINT WARNING * * *
You hit the yak.
The yak is severely wounded.
The yak gores you.
You die...

##..# ##...... ##.#
##..... #.# ##...#
####.# ##'## #....#
#.# #.#### #.## #.#
##.#. #####Y####
##....
#.Y@YY...######.....
#.###Y##.#..........
#.# #..........##...
#.# ###..#.##...#...
#.#####.♣...#.#.....
#.##....≈.P.....#...
#.....≈≈≈≈≈≈........
#####.≈♣≈.≈≈P####.##
#P≈≈≈≈≈≈.# #.##


You could see 5 yaks.

Vanquished Creatures
  The ghost of terff the Covert, a novice OpBr (D:7)
  A wyvern (D:7)
  5 yaks (D:8)
  A black bear (D:8)
  A sky beast (D:5)
  5 ice beasts
  2 phantoms (D:4)
  4 scorpions
  A wyvern skeleton (D:5)
  A water moccasin skeleton (D:7)
  3 bullfrog zombies (D:5)
  A centaur zombie (D:6)
  Crazy Yiuf (D:2)
  3 hounds
  An orc priest (D:5)
  A centaur skeleton (D:7)
  Jessica (D:2)
  An iguana (D:5)
  2 orc wizards
  A bullfrog simulacrum (D:7)
  7 gnolls
  A howler monkey skeleton (D:4)
  6 adders
  2 shadow imps
  2 white imps (D:7)
  A howler monkey simulacrum (D:7)
  An ufetubus (D:5)
  An adder skeleton (D:4)
  The ghost of cbfl8 the Sneak, a weakling MiDe (D:5)
  A dart slug (D:2)
  7 orcs
  7 endoplasms
  6 giant cockroaches
  5 goblins
  3 hobgoblins
  8 jackals
  4 kobolds
  6 quokkas
  7 ball pythons
  7 bats
  6 frilled lizards
  11 rats
137 creatures vanquished.

Vanquished Creatures (collateral kills)
  A two-headed ogre (D:8)
  A yak (D:8)
  A steam dragon (D:7)
  2 water moccasins
  An orc warrior (D:8)
  2 ice beasts
  The ghost of Jingleheimer the Caller, an amateur FeSu of the Shining One (D:5)
  An ogre (D:7)
  2 black bears
  A necrophage (D:6)
  A centaur (D:6)
  A gnoll sergeant (D:8)
  2 bullfrogs (D:7)
  A wyvern skeleton (D:7)
  A water moccasin zombie (D:6)
  2 howler monkeys (D:8)
  A bullfrog zombie (D:6)
  An orc priest (D:8)
  A gnoll shaman (D:8)
  An iguana (D:5)
  A bullfrog skeleton (D:6)
  2 killer bee simulacra (D:7)
  3 gnolls (D:8)
  A shadow imp (D:7)
  5 orcs
37 creatures vanquished.

Vanquished Creatures (others)
  A battlemage (D:8)
  9 plants
  8 withered plants
18 creatures vanquished.

Grand Total: 192 creatures vanquished

Notes
Turn   | Place    | Note
-------+----------+-------------------------------------------
     0 | D:1      | issech the Troll Monk began the quest for the Orb.
     0 | D:1      | Reached XP level 1. HP: 22/22 MP: 0/0
    71 | D:1      | Reached XP level 2. HP: 24/29 MP: 1/1
   100 | D:1      | Found Qeaxith's Armour Boutique.
   104 | D:1      | Reached skill level 3 in Maces & Flails
   305 | D:1      | Reached XP level 3. HP: 35/36 MP: 2/2
   923 | D:2      | Noticed Jessica
   932 | D:2      | Killed Jessica
   933 | D:2      | Reached XP level 4. HP: 29/44 MP: 3/3
  1638 | D:2      | Found a runed translucent door.
  1639 | D:2      | Noticed Crazy Yiuf
  1646 | D:2      | Killed Crazy Yiuf
  1652 | D:2      | Identified the +5 mace "Udghajys" {distort, *Slow rPois
                  | Will+ Dex+5}
  1856 | D:3      | Reached XP level 5. HP: 53/53 MP: 4/4
  1881 | D:3      | Reached skill level 4 in Maces & Flails
  2242 | D:3      | Found a broken altar of Ashenzari.
  2478 | D:3      | Found a faded altar of an unknown god.
  2736 | D:4      | Noticed a phantom
  2754 | D:4      | Killed a phantom
  2755 | D:4      | Reached XP level 6. HP: 44/61 MP: 5/5
  3299 | D:4      | Reached skill level 5 in Maces & Flails
  3569 | D:5      | Entered Level 5 of the Dungeon
  3617 | D:5      | Reached XP level 7. HP: 54/67 MP: 6/6
  3802 | D:5      | Found a runed translucent gate.
  3802 | D:5      | Found a runed translucent gate.
  3818 | D:5      | Found a runed translucent gate.
  3819 | D:5      | Noticed Jingleheimer's ghost (amateur FeSu)
  3819 | D:5      | Noticed cbfl8's ghost (weakling MiDe)
  3993 | D:5      | Reached skill level 6 in Maces & Flails
  4162 | D:5      | Found Rievit Toli's Armour Shoppe.
  4187 | D:5      | Reached XP level 8. HP: 74/78 MP: 7/7
  4342 | D:5      | Found Wuigel's Antique Armour Shoppe.
  4449 | D:5      | Found a staircase to the Ecumenical Temple.
  4458 | Temple   | Entered the Ecumenical Temple
  4630 | Temple   | Became a worshipper of Hepliaklqana the Forgotten
  4630 | Temple   | Reached * piety under Hepliaklqana
  4630 | Temple   | Reached ** piety under Hepliaklqana
  4631 | Temple   | Remembered your ancestor Lufti as a battlemage
  4936 | D:5      | Killed cbfl8's ghost
  4936 | D:5      | Killed Jingleheimer's ghost
  5095 | D:6      | Reached skill level 7 in Maces & Flails
  5198 | D:6      | Reached skill level 5 in Dodging
  5517 | D:6      | Identified the +0 leather armour "Teda Oho" {rF+ rC- SInv}
  5578 | D:6      | Reached skill level 8 in Maces & Flails
  6140 | D:7      | Reached XP level 9. HP: 76/76 MP: 8/8
  6329 | D:7      | Reached skill level 5 in Fighting
  6359 | D:7      | Noticed terff's ghost (novice OpBr)
  6393 | D:7      | Found a runed translucent gate.
  6393 | D:7      | Found a runed translucent gate.
  6393 | D:7      | Found a runed translucent gate.
  6705 | D:7      | Reached skill level 9 in Maces & Flails
  6898 | D:7      | Killed terff's ghost
  7117 | D:8      | Found an ancient bone altar of Kikubaaqudgha.
  7215 | D:8      | Reached XP level 10. HP: 83/87 MP: 9/9
  7392 | D:8      | Noticed a two-headed ogre
  7432 | D:8      | Killed a two-headed ogre
  7439 | D:8      | Reached skill level 10 in Maces & Flails
  7600 | D:8      | Reached *** piety under Hepliaklqana
  8262 | D:8      | HP: 2/88 [yak (6)]
  8263 | D:8      | Slain by a yak

Illustrated notes

Levels and vault maps discovered:
D:1:      denvon_arrival_planthouse, layout_rooms, serial_shops, shop_statue
D:2:      layout_basic, hangedman_feature_mirror, uniq_crazy_yiuf_cottage,
          uniq_jessica
D:3:      layout_basic, nicolae_overflow_hidden_temple,
          shapermc_ecumenical_altar_gd, feat_on_display
D:4:      layout_loops_cross
D:5:      layout_basic, lemuel_temple_firewalk_b, serial_shops, shop,
          nicolae_square_shop, gammafunk_ghost_cemetery
D:6:      layout_loops_ring
D:7:      layout_gridville, gammafunk_ghost_icy, grunt_ministairs_12,
          hangedman_decor_growths
D:8:      layout_loops_corners, kiku_gazebo_garden_becter, serial_bayou_pond_b
D:9:      layout_cave_pools, lair_entry_dummy, minmay_shattered_shrine,
          uniq_maggie, uniq_psyche
Temple:   regret_index_temple_chain_breaker

Skill      XL: |  1  2  3  4  5  6  7  8  9 10 |
---------------+-------------------------------+-----
Maces & Flails | 3 4 5 6 8 9 10 | 10.3
Dodging        | 3 4 5 6 |  6.8
Fighting       | 3 4 5 6 |  6.0
Stealth        | 2 3 |  3.5

Action                   |  1- 3 |  4- 6 |  7- 9 | 10-12 || total
-------------------------+-------+-------+-------+-------++-------
Melee: Mace              |   110 |   181 |   270 |    82 ||   643
       Punch             |     2 |     3 |     2 |       ||     7
Invok: Ancestor Life: Ba |       |       |     1 |       ||     1
  Use: Scroll            |       |       |     3 |       ||     3
 Stab: Sleeping          |       |     5 |     2 |       ||     7
       Distracted        |       |       |     3 |     1 ||     4
Armor: Robe              |    88 |    65 |   107 |    20 ||   280
Dodge: Dodged            |   100 |    95 |   149 |    71 ||   415
